 Dungeon Crawl Stone Soup version 0.29.0-13-gc9e81de378 (webtiles) character file.

Game seed: 12964035511491189148

2762 sentinel the Thaumaturge (level 10, -2/88 HPs)
             Began as a Meteoran Earth Elementalist on Sept 10, 2022.
             Was a Follower of Cheibriados.
             Slain by a seven-headed hydra (8 damage)
             ... on level 1 of the Lair of Beasts.
             The game lasted 00:10:01 (1203 turns).

sentinel the Thaumaturge (MeEE)                     Turns: 1203, Time: 00:10:01

Health: -2/88      AC: 10    Str: 13    XL:     10   Next: 20%
Magic:  20/25      EV: 13    Int: 24    God:    Cheibriados [*.....]
Gold:   0          SH:  0    Dex: 18    Spells: 24/30 levels left

rFire   . . .      SeeInvis .   (no weapon)
rCold   . . .      Faith    .   (no shield)
rNeg    . . .      Spirit   .   s - +0 steam dragon scales
rPois   .          Reflect  .   (no helmet)
rElec   .          Harm     .   (no cloak)
rCorr   .          Rampage  .   o - +1 pair of gloves
Will    +....                   d - +2 pair of boots
Stlth   +.........              e - amulet of regeneration
HPRegen 1.04/turn               (no ring)
MPRegen 0.19/turn               (no ring)

@: glowing, very slow
A: sense surroundings 2, otherworldly, glowing, explore regen
a: Renounce Religion, Bend Time


You were on level 1 of the Lair of Beasts.
You worshipped Cheibriados.
Cheibriados was aware of your devotion.
You visited 3 branches of the dungeon, and saw 11 of its levels.

Inventory:

Missiles
 p - 3 silver javelins
 v - 2 throwing nets
Armour
 a - a +0 robe
 d - a +2 pair of boots (worn)
 n - a +0 buckler
 o - a +1 pair of gloves (worn)
 s - +0 steam dragon scales (worn)
Jewellery
 e - an amulet of regeneration (around neck)
Scrolls
 c - a scroll of enchant armour
 l - a scroll of amnesia {unknown}
 q - 2 scrolls of blinking {unknown}
 r - a scroll of poison
Potions
 b - 2 potions of magic
 g - a potion of might {unknown}
 i - a potion of cancellation {unknown}
 k - a potion of lignification {unknown}
 m - a potion of flight {unknown}


   Skills:
 + Level 8.2 Fighting
 - Level 2.4 Dodging
 - Level 1.4 Stealth
 + Level 10.5 Spellcasting
 - Level 5.0 Conjurations
 - Level 1.2 Transmutations
 - Level 6.3 Earth Magic


You had 24 spell levels left.
You knew the following spells:

 Your Spells              Type           Power      Damage    Failure   Level
a - Sandblast             Erth           86%        2d18      1%          1
b - Stone Arrow           Conj/Erth      78%        3d11      1%          3
c - Passwall              Tmut/Erth      25%        N/A       1%          2

Your spell library contained the following spells:

 Spells                   Type           Power      Damage    Failure   Level
 Petrify                  Tmut/Erth      30%        N/A       11%         4


Dungeon Overview and Level Annotations

Branches:
Dungeon (9/15) Zot: 6451   Temple (1/1) D:7 Zot: 888    Lair (1/5) D:9 Zot: 878
    Orc: D:9-12

Altars:
Ashenzari
Cheibriados
Fedhas
Gozag
Uskayaw
Wu Jian

Portals:
Bailey: D:9

Annotations:
D:5 sanka's ghost, amateur MfAK
D:6 Grinder
D:8 3 runed translucent doors, sentinel's ghost, novice MeEE


Innate Abilities, Weirdness & Mutations

You passively map the area around you.
You are easily found by Zot.
You glow in the dark.
You regain HP and MP as you explore.


Message History

The wraith closely misses you.
Casting: Stone Arrow (safe; 1% risk of failure)
Confirm with . or Enter, or press ? or * to list all spells.
Aiming: Stone Arrow (safe; 1% risk of failure)
Press: ? - help, Shift-Dir - straight line, f/p - wraith
Aim: a wraith (almost destroyed, 74% to hit)
The stone arrow hits the wraith!
You destroy the wraith!
Cheibriados appreciates the change of pace. 2 goblins come into view.
The goblin shouts!
A goblin comes into view. It is wielding a +0 spear.
Found a flagged portal.
The goblin shouts!
A goblin comes into view. It is wielding a +0 spear.
Found an escape hatch in the floor.
The goblin shouts!
The blast of sand hits the goblin!!
You kill the goblin!
Cheibriados appreciates the change of pace.
The goblin shouts!
The blast of sand hits the goblin!!
You kill the goblin!
Cheibriados thoroughly appreciates the change of pace.
Cheibriados raises the support of your attributes as your movement slows.
The blast of sand hits the goblin!!
You kill the goblin!
Cheibriados appreciates the change of pace.
The blast of sand hits the goblin!
You kill the goblin!
Cheibriados appreciates the change of pace.
Found 5 gold pieces.
Why would you want to do that?
Unknown command.
Casting: Sandblast (safe; 1% risk of failure)
Confirm with . or Enter, or press ? or * to list all spells.
Aiming: Passwall (safe; 1% risk of failure)
Press: ? - help, Dir - move target A rock wall.
You begin to meditate on the wall.
You continue meditating on the rock. x2
You finish merging with the rock.
You open the door.
Found a staircase to the Lair.
There is an open door here.
You hear the quick creaking of a portcullis nearby.
There is a staircase to the Lair here.
You climb downwards.
Welcome to the Lair of Beasts!
The cane toad gives a loud, deep croak!
The yak bellows!
Found four items.
There is a staircase back to the Dungeon here.
Casting: Passwall (safe; 1% risk of failure)
Confirm with . or Enter, or press ? or * to list all spells.
Aiming: Stone Arrow (safe; 1% risk of failure)
Press: ? - help, Shift-Dir - straight line, f - cane toad
Aim: a cane toad (water, 77% to hit)
The stone arrow hits the cane toad!
The cane toad is moderately wounded.
Casting: Stone Arrow (safe; 1% risk of failure)
Confirm with . or Enter, or press ? or * to list all spells.
Aiming: Stone Arrow (safe; 1% risk of failure)
Press: ? - help, Shift-Dir - straight line, f/p - cane toad
Aim: a cane toad (moderately wounded, 77% to hit)
The stone arrow hits the cane toad!
The cane toad is heavily wounded.
A komodo dragon comes into view.
A yak comes into view.
Casting: Stone Arrow (safe; 1% risk of failure)
Confirm with . or Enter, or press ? or * to list all spells.
Aiming: Stone Arrow (safe; 1% risk of failure)
Press: ? - help, Shift-Dir - straight line, f/p - cane toad
Aim: a cane toad (heavily wounded, 77% to hit)
The stone arrow hits the cane toad!
The cane toad is severely wounded.
The cane toad stings you!
Casting: Stone Arrow (safe; 1% risk of failure)
Confirm with . or Enter, or press ? or * to list all spells.
Aiming: Stone Arrow (safe; 1% risk of failure)
Press: ? - help, Shift-Dir - straight line, f/p - cane toad
Aim: a cane toad (severely wounded, 77% to hit)
The stone arrow hits the cane toad!
You kill the cane toad!
Cheibriados appreciates the change of pace.
The yak gores you.
A yak comes into view.
Your Fighting skill increases to level 8!
Okay, then.
As you read the scroll of teleportation, it crumbles to dust.
You feel strangely unstable. The yak gores you!
Casting: Stone Arrow (safe; 1% risk of failure)
Confirm with . or Enter, or press ? or * to list all spells.
Aiming: Stone Arrow (safe; 1% risk of failure)
Press: ? - help, Shift-Dir - straight line, f - yak
Aim: a yak (84% to hit)
The stone arrow hits the yak!!
The yak is heavily wounded.
The yak bellows!
A yak comes into view.
The yak gores you!
Casting: Stone Arrow (safe; 1% risk of failure)
Confirm with . or Enter, or press ? or * to list all spells.
Aiming: Stone Arrow (safe; 1% risk of failure)
Press: ? - help, Shift-Dir - straight line, f/p - yak
Aim: a yak (heavily wounded, 84% to hit)
The stone arrow hits the yak!!
The yak is almost dead.
Your surroundings suddenly seem different.
Found a glowing long sword.
A seven-headed hydra comes into view.
The seven-headed hydra roars!
The seven-headed hydra bites you. The seven-headed hydra misses you.
The seven-headed hydra barely misses you.
The seven-headed hydra bites you! The seven-headed hydra misses you.
The seven-headed hydra closely misses you.
The seven-headed hydra bites you but does no damage.
A seven-headed hydra is nearby!
Okay, then.
Okay, then.
Are you sure you want to abandon this character and quit the game? (Confirm with "yes".)
Okay, then.
Okay, then.
Okay, then.
You aren't carrying any items that you can evoke.
Unknown command.
As you read the scroll labelled TOOSOSHR VOFEA, it crumbles to dust.
You assume a fearsome visage.
The seven-headed hydra resists with almost no effort.
It was a scroll of fear.
The seven-headed hydra misses you. The seven-headed hydra bites you.
The seven-headed hydra bites you but does no damage.
The seven-headed hydra bites you! The seven-headed hydra bites you.
The seven-headed hydra bites you but does no damage.
The seven-headed hydra bites you.
As you read the scroll labelled QUKKUF BIODA, it crumbles to dust.
The creatures around you are filled with an inner flame!
It was a scroll of immolation.
The seven-headed hydra misses you. The seven-headed hydra bites you.
The seven-headed hydra barely misses you.
The seven-headed hydra bites you but does no damage.
The seven-headed hydra bites you! The seven-headed hydra misses you.
The seven-headed hydra barely misses you.
As you read the scroll labelled KURCHE QUNEECYTEUM, it crumbles to dust.
The scroll dissolves into smoke.
It was a scroll of fog.
The seven-headed hydra bites you!
The seven-headed hydra bites you but does no damage.
The seven-headed hydra bites you! x2
* * * LOW HITPOINT WARNING * * *
The seven-headed hydra bites you but does no damage.
The seven-headed hydra bites you!
* * * LOW HITPOINT WARNING * * *
The seven-headed hydra bites you!
You die...

,* #..## ,
...* , * #.# *
* * #.# * ##.#
* ##..### , *
#.....###
#.).§§#D###..#
*
#....§@§....#*
#....§#######
, #...§§# * ,
#.#...## *
####.## , #.,
*, * .. * *
*##,* , , , ,
* ** , , *


You could see a seven-headed hydra (inner flame).

Vanquished Creatures
  A cane toad (Lair:1)
  A troll (D:9)
  3 hornets
  A wyvern (D:9)
  A wraith (D:9)
  A steam dragon (D:8)
  Menkaure (D:5)
  Edmund (D:6)
  A sky beast (D:8)
  An orc warrior (D:8)
  2 ogres
  2 centaurs
  A phantom (D:4)
  A scorpion (D:5)
  A gnoll sergeant (D:7)
  A necrophage (D:6)
  A howler monkey (D:9)
  A jelly (D:5)
  A hound (D:7)
  2 iguanas
  2 orc wizards (D:9)
  3 gnolls (D:7)
  4 adders
  A white imp (D:7)
  An ufetubus (D:7)
  2 worms
  7 orcs
  2 ball pythons
  3 endoplasms
  7 goblins
  A hobgoblin (D:1)
  4 jackals (D:4)
  A kobold (D:2)
  2 quokkas
  A rat (D:2)
66 creatures vanquished.

Vanquished Creatures (others)
  A fungus (Lair:1)
  2 plants (Lair:1)
3 creatures vanquished.

Grand Total: 69 creatures vanquished

Notes
Turn   | Place    | Note
-------+----------+-------------------------------------------
     0 | D:1      | sentinel the Meteoran Earth Elementalist began the quest
                  | for the Orb.
     0 | D:1      | Reached XP level 1. HP: 14/14 MP: 5/5
   113 | D:2      | Reached XP level 2. HP: 20/20 MP: 2/6
   118 | D:2      | Learned a level 2 spell: Passwall
   260 | D:4      | Reached XP level 3. HP: 18/26 MP: 5/8
   264 | D:4      | Learned a level 3 spell: Stone Arrow
   279 | D:4      | Reached skill level 1 in Conjurations
   308 | D:4      | Reached skill level 3 in Spellcasting
   308 | D:4      | Reached XP level 4. HP: 33/33 MP: 7/9
   335 | D:5      | Entered Level 5 of the Dungeon
   351 | D:5      | Noticed a scorpion
   358 | D:5      | Killed a scorpion
   359 | D:5      | Reached skill level 5 in Earth Magic
   359 | D:5      | Reached XP level 5. HP: 22/38 MP: 0/11
   387 | D:4      | Noticed a phantom
   395 | D:4      | Killed a phantom
   396 | D:4      | Reached XP level 6. HP: 36/45 MP: 9/12
   457 | D:5      | Noticed sanka's ghost (amateur MfAK)
   460 | D:5      | Identified the +8 giant spiked club "Rydisy" {vorpal,
                  | Will+}
   460 | D:5      | Noticed an ogre
   497 | D:5      | Reached skill level 4 in Spellcasting
   515 | D:5      | Found a hide-covered altar of Uskayaw.
   521 | D:5      | Noticed Menkaure
   525 | D:5      | Killed Menkaure
   526 | D:5      | Reached XP level 7. HP: 50/50 MP: 7/14
   555 | D:6      | Reached skill level 5 in Conjurations
   568 | D:6      | Reached skill level 5 in Spellcasting
   605 | D:7      | Found a staircase to the Ecumenical Temple.
   617 | Temple   | Entered the Ecumenical Temple
   621 | Temple   | Became a worshipper of Cheibriados the Contemplative
   651 | D:6      | Noticed Edmund
   660 | D:6      | Killed Edmund
   661 | D:6      | Reached skill level 1 in Fighting
   661 | D:6      | Reached XP level 8. HP: 60/60 MP: 1/17
   668 | D:6      | Noticed Grinder
   687 | D:7      | Reached skill level 6 in Spellcasting
   757 | D:8      | Found a runed translucent gate.
   757 | D:8      | Found a runed translucent gate.
   757 | D:8      | Noticed sentinel's ghost (novice MeEE)
   758 | D:8      | Found a runed translucent gate.
   782 | D:9      | Noticed a troll
   792 | D:9      | Killed a troll
   793 | D:9      | Reached skill level 7 in Spellcasting
   840 | D:9      | Gained mutation: You passively map the area around you.
                  | [Meteoran growth]
   840 | D:9      | Reached XP level 9. HP: 73/73 MP: 11/21
   867 | D:9      | Reached skill level 5 in Fighting
   867 | D:9      | Reached skill level 8 in Spellcasting
   887 | D:9      | Noticed a hornet
   893 | D:9      | Killed a hornet
   915 | D:9      | Found a broken altar of Ashenzari.
   919 | D:8      | Noticed a hornet
   921 | D:8      | Paralysed by a hornet for 3 turns
   925 | D:8      | Killed a hornet
   926 | D:8      | Reached skill level 9 in Spellcasting
   940 | D:7      | Reached * piety under Cheibriados
   987 | D:8      | Found an ornate altar of the Wu Jian Council.
  1069 | D:8      | Noticed a hornet
  1072 | D:8      | Killed a hornet
  1099 | D:8      | Reached skill level 10 in Spellcasting
  1099 | D:8      | Reached XP level 10. HP: 86/86 MP: 9/25
  1148 | D:9      | Found a flagged portal.
  1177 | D:9      | Found a staircase to the Lair.
  1185 | Lair:1   | Entered Level 1 of the Lair of Beasts
  1185 | Lair:1   | Noticed a cane toad
  1190 | Lair:1   | Noticed a komodo dragon
  1192 | Lair:1   | Killed a cane toad
  1200 | Lair:1   | Noticed a seven-headed hydra
  1203 | Lair:1   | Slain by a seven-headed hydra

Illustrated notes

Levels and vault maps discovered:
D:1:      evilmike_arrival_rings, layout_basic
D:2:      layout_basic, serial_rivers, chequers_serial_rivers_micro_e,
          chequers_serial_rivers_micro_c, chequers_serial_rivers_small_3,
          chequers_serial_rivers_micro_b, chequers_serial_rivers_micro_c,
          basic_altar, shapermc_ecumenical_altar_pompeii,
          nicolae_elevator_lobby_asterisk
D:3:      layout_basic, minmay_strange_pillars, uniq_sigmund, uniq_pargi,
          uniq_crazy_yiuf_cottage, uniq_robin
D:4:      layout_basic
D:5:      layout_rooms, nicolae_uskayaw_dance_hall, gammafunk_ghost_smash,
          uniq_menkaure
D:6:      minmay_chambers_of_fours, layout_cave_pools, uniq_grinder, uniq_edmund
D:7:      layout_basic, minmay_temple_entry_trees
D:8:      layout_loops_ring, kennysheep_mini_moat, mainiacjoe_overflow_brackets,
          gammafunk_ghost_nasty_kobolds, grunt_ogre_cave
D:9:      layout_gridville, old_standard_altar, lair_entry_dummy,
          enter_bailey_5, amcnicky_mini_rare_corridor_liquid,
          minmay_crystal_room
Temple:   kb_temple_of_zot
Lair:1:   layout_loops_ring, basic_altar, lemuel_fruit_fields,
          infiniplex_staircase_pool_2

Skill      XL: |  1  2  3  4  5  6  7  8  9 10 |
---------------+-------------------------------+-----
Earth Magic    | 4 5 6 |  6.3
Conjurations   | 1 2 3 4 5 |  5.0
Spellcasting   | 3 4 5 7 10 | 10.5
Fighting       | 1 4 7 8 |  8.2
Dodging        | |  2.4
Stealth        | |  1.4
Transmutations | |  1.2

Action                   |  1- 3 |  4- 6 |  7- 9 | 10-12 || total
-------------------------+-------+-------+-------+-------++-------
Melee: Unarmed           |     2 |       |     2 |       ||     4
 Cast: Sandblast         |    22 |    19 |    17 |     4 ||    62
       Passwall          |     3 |       |    11 |     3 ||    17
       Stone Arrow       |       |     5 |    57 |    10 ||    72
  Use: Scroll            |     1 |     2 |     5 |     5 ||    13
       Potion            |       |       |     1 |       ||     1
Armor: Robe              |       |     3 |    19 |       ||    22
       Steam dragon scal |       |       |       |     6 ||     6
Dodge: Dodged            |     4 |     7 |    24 |    12 ||    47
